Map: Turbo Cruise '84 LE

Players

Rushh

  • Race: Zerg Zerg
  • League: Diamond
  • Spawn Location: 7:00

TriGGeR - Winner!

  • Race: Terran Terran
  • League: Platinum
  • Spawn Location: 3:00

VOD

Have the link to the VOD?

Description

Time

  • Played on: May 26, 2019, 12:50 a.m.
  • Length: 9:22
Show
View Real Time Build Order
Export as new Build Order

Rushh Zerg 

Build Orders: Hatch First 

Get SALT Encoding   

  12  0:10  Overlord  
  12  0:12  Drone  
  13  0:22  Drone  
  14  0:31  Drone  
  15  0:47  Hatchery  
  14  0:52  Drone  
  14  0:55  Drone  
  16  0:59  Drone  
  16  1:03  Extractor  
  16  1:21  Spawning Pool  
  16  1:22  Drone  
  16  1:23  Drone  
  17  1:33  Drone  
  17  1:37  Overlord  
  18  1:59  Drone  
  19  2:08  Zergling x4, Queen  
  21  2:15  Drone x2  
  25  2:22  Hatchery  
  24  2:36  Queen  
  26  2:37  Drone  
  26  2:53  Drone x4  
  26  2:54  Drone  
  30  3:02  Drone  
  30  3:04  Drone x2  
  33  3:13  Lair  
  33  3:15  Drone  
  34  3:21  Drone x2  
  34  3:26  Overlord  
  36  3:29  Overlord  
  36  3:40  Extractor  
  35  3:43  Drone x2  
  35  3:44  Drone x3  
  35  3:46  Queen  
  42  4:02  Evolution Chamber  
  41  4:03  Evolution Chamber  
  41  4:08  Drone x2  
  41  4:09  Drone  
  43  4:12  Overlord  
  43  4:13  Hydralisk Den  
  43  4:14  Overlord  
  42  4:22  Drone x2  
  44  4:26  Spine Crawler  
  43  4:32  Zerg Missile Weapons Level 1  
  43  4:33  Zerg Ground Armor Level 1  
  43  4:34  Drone x2  
  43  4:36  Drone  
  46  4:43  Queen  
  48  4:49  Drone  
  48  4:50  Drone x3  
  48  4:52  Extractor  
  51  5:05  Overlord  
  51  5:06  Overlord x3  
  51  5:09  Hydralisk  
  51  5:10  Hydralisk  
  55  5:18  Spore Crawler  
  55  5:20  Drone x4  
  58  5:22  Drone  
  58  5:25  Hydralisk  
  61  5:37  Hydralisk x3  
  61  5:39  Drone  
  61  5:40  Drone  
  61  5:41  Drone  
  70  5:46  Drone  
  70  5:47  Drone x3  
  74  5:51  Drone x2  
  74  5:53  Drone x2  
  78  6:07  Extractor  
  78  6:08  Muscular Augments  
  78  6:10  Drone x3  
  78  6:11  Drone x4  
  83  6:12  Drone  
  85  6:25  Hydralisk x5  
  93  6:34  Zergling x6  
  93  6:35  Zergling x4  
  93  6:39  Lair  
  94  6:43  Zergling x6  
  97  6:57  Overlord  
  97  6:58  Overlord x2  
  97  7:05  Hatchery  
  85  7:17  Drone x3  
  85  7:18  Drone  
  85  7:19  Grooved Spines  
  89  7:34  Hydralisk  
  89  7:35  Hydralisk x2  
  95  7:39  Spawning Pool  
  77  8:00  Hatchery  
  77  8:03  Hatchery  
  75  8:14  Evolution Chamber x2  
  75  8:18  Infestation Pit  
  72  8:28  Extractor  
  72  8:31  Spine Crawler, Extractor  
  69  8:39  Spore Crawler  
  68  8:53  Hydralisk  
  68  8:54  Hydralisk x3  
  76  8:57  Zergling x2  
  76  8:58  Zergling x20  
Show
View Real Time Build Order
Export as new Build Order

TriGGeR Terran - Winner!

Build Orders:  

Get SALT Encoding   

  12  0:00  SCV  
  13  0:12  SCV  
  14  0:21  Supply Depot  
  14  0:24  SCV  
  15  0:43  SCV  
  15  0:44  Barracks  
  16  0:52  Refinery  
  16  0:55  SCV  
  17  1:07  SCV  
  18  1:19  SCV  
  19  1:31  SCV  
  20  1:35  Reaper  
  20  1:37  Command Center  
  21  1:45  Orbital Command  
  21  1:59  Supply Depot  
  21  2:07  Marine  
  22  2:17  SCV, Factory  
  23  2:24  Supply Depot  
  23  2:25  Marine  
  23  2:29  SCV  
  25  3:02  Marine, SCV  
  25  3:04  SCV  
  28  3:07  Factory Tech Lab  
  28  3:09  Starport, Refinery  
  28  3:15  Orbital Command  
  28  3:16  SCV, Barracks  
  29  3:28  Barracks Tech Lab  
  29  3:31  SCV  
  30  3:39  Hellion  
  32  3:41  SCV  
  32  3:46  Refinery  
  33  3:49  Starport Reactor, Refinery  
  33  3:51  SCV  
  33  3:52  Supply Depot  
  33  3:53  SCV  
  33  3:54  Marine  
  36  3:55  Stimpack  
  36  4:03  SCV, Hellion  
  36  4:05  SCV, Barracks Reactor  
  40  4:15  SCV  
  43  4:18  SCV, Marine  
  43  4:25  Siege Tank  
  43  4:26  Supply Depot  
  43  4:28  Medivac  
  43  4:30  SCV  
  49  4:36  Marine  
  50  4:39  Medivac  
  50  4:40  SCV  
  50  4:42  SCV, Marine x2  
  56  4:48  Supply Depot  
  56  4:51  Engineering Bay  
  56  4:52  Supply Depot  
  56  4:58  Medivac  
  58  5:00  Marine x2  
  60  5:17  Marine  
  60  5:18  Marine x2, Siege Tank  
  60  5:19  Medivac  
  68  5:22  Supply Depot  
  68  5:26  SCV x2  
  70  5:28  Medivac  
  70  5:30  Terran Infantry Weapons Level 1  
  72  5:37  Supply Depot  
  72  5:38  SCV  
  73  5:48  Marine x2  
  75  5:50  Marauder  
  75  5:52  Siege Tank  
  75  5:54  Medivac  
  82  5:58  Combat Shield  
  82  6:04  SCV  
  83  6:05  SCV  
  83  6:06  Marine x2  
  83  6:09  Supply Depot  
  86  6:11  Marine  
  87  6:20  SCV  
  87  6:24  Marine x2  
  90  6:29  Marauder  
  78  7:17  Marine x2  
  78  7:18  Concussive Shells  
  78  7:21  Marauder  
  78  7:22  Siege Tank  
  85  7:23  Viking, Medivac  
  89  7:39  Marine x2, Supply Depot  
  89  7:40  Command Center  
  91  7:44  Barracks  
  91  7:45  Marauder  
  91  7:59  Marine x2  
  91  8:04  Viking, Medivac  
  91  8:05  Siege Tank  
  100  8:06  Marauder  
  100  8:07  Supply Depot  
  102  8:17  Marine x2  
  104  8:27  Marauder  
  104  8:32  Barracks Reactor  
  106  8:35  SCV, Marine x2  
  106  8:36  Barracks  
  107  8:49  Marauder  
Tags
 
Add a new tag
Caveats
  • Supply blocks, unpowered buildings, or Contaminate may cause inaccurate times.
  • Supply counts are checked every 10 seconds.